 Dungeon Crawl Stone Soup version 0.20.1-1-g8b1a95d (webtiles) character file.

7038 dohliylev the Covert (level 10, -1/74 HPs)
             Began as a Vampire Enchanter on Dec 8, 2017.
             Was a Believer of Makhleb.
             Slain by a six-headed hydra (7 damage)
             ... on level 11 of the Dungeon.
             The game lasted 00:39:39 (9382 turns).

dohliylev the Covert (Vampire Enchanter)            Turns: 9382, Time: 00:39:40

Health: -1/74      AC:  5    Str:  7    XL:     10   Next: 83%
Magic:  9/14       EV: 20    Int: 20    God:    Makhleb [**....]
Gold:   357        SH:  2    Dex: 19    Spells: 6/15 levels left

rFire    x . .     SeeInvis +   a - +1 dagger
rCold    + + .     Gourm    .   (no shield)
rNeg     + + .     Faith    .   A - +0 robe
rPois    +         Spirit   .   h - +0 helmet {Int+3}
rElec    .         Reflect  +   (no cloak)
rCorr    .         Harm     .   H - +0 pair of gloves
MR       +....                  F - +0 pair of boots
Stlth    +++++++...             x - +2 amulet of reflection
Regen    0.2/turn               p - ring of ice
MPRegen  0.2/turn               s - ring of stealth

@: regenerating slowly
A: fangs 3, see invisible, unbreathing
a: Bat Form, Minor Destruction, Renounce Religion


You were on level 11 of the Dungeon.
You worshipped Makhleb.
Makhleb was pleased with you.
You were very thirsty.

You visited 2 branches of the dungeon, and saw 12 of its levels.

You collected 717 gold pieces.
You spent 360 gold pieces at shops.

Inventory:

Hand Weapons
 a - a +1 dagger (weapon)
 b - the +9 falchion of the Spider Nest {venom, Str+2 Dex+4}
   (You found it on level 6 of the Dungeon)

   It poisons the flesh of those it strikes.
   It affects your strength (+2).
   It affects your dexterity (+4).
Armour
 h - a +0 helmet of intelligence (worn)
 A - a +0 robe (worn)
 F - a +0 pair of boots (worn)
 H - a +0 pair of gloves (worn)
Jewellery
 p - a ring of ice (left hand)
 s - a ring of stealth (right hand)
 x - a +2 amulet of reflection (around neck)
Wands
 t - a wand of disintegration (14/24)
 z - a wand of polymorph (9/24)
 E - a wand of iceblast (8/15)
Scrolls
 e - 4 scrolls of teleportation
 f - 2 scrolls of enchant armour
 l - 2 scrolls of recharging
 m - 2 scrolls of fog
 o - 3 scrolls of fear
 q - a scroll of amnesia
 u - a scroll of enchant weapon
 y - 2 scrolls of remove curse
 D - a scroll of vulnerability {unknown}
 G - 2 scrolls of identify
 K - a scroll of silence {unknown}
 N - a scroll of magic mapping {unknown}
Potions
 d - 13 potions of blood
 g - 4 potions of mutation {unknown}
 i - 2 potions of brilliance {unknown}
 j - a potion of cancellation {unknown}
 k - a potion of flight {unknown}
 n - 2 potions of haste {unknown}
 r - 6 potions of curing {unknown}
 v - a potion of might {unknown}
 w - a potion of magic {unknown}
 B - a potion of invisibility
 C - 4 potions of degeneration {unknown}
 I - a potion of berserk rage {unknown}
 J - 3 potions of agility {unknown}
 L - 2 potions of lignification {unknown}
Books
 c - a book of Maledictions

   Spells                             Type                      Level
   a - Corona                         Hexes                        1
   b - Ensorcelled Hibernation        Hexes/Ice                    2
   c - Confuse                        Hexes                        3
   d - Tukima's Dance                 Hexes                        3
   e - Dazzling Spray                 Conjuration/Hexes            3
 M - a book of Necromancy

   Spells                             Type                      Level
   a - Pain                           Necromancy                   1
   b - Animate Skeleton               Necromancy                   1
   c - Vampiric Draining              Necromancy                   3
   d - Regeneration                   Charms/Necromancy            3
   e - Animate Dead                   Necromancy                   4
   f - Control Undead                 Necromancy                   4


   Skills:
 - Level 5.1 Fighting
 - Level 8.1 Short Blades
 - Level 0.4(4.5) Long Blades
 - Level 10.1 Dodging
 - Level 12.1 Stealth
 - Level 3.1 Spellcasting
 - Level 6.2 Hexes
 + Level 0.4 Charms
 + Level 0.2 Necromancy
 - Level 3.0 Ice Magic
 * Level 4.3 Invocations


You had 6 spell levels left.
You knew the following spells:

 Your Spells              Type           Power        Failure   Level  Hunger
a - Corona                Hex            ####...      1%          1    None
b - Ensorcelled Hibernat  Hex/Ice        ####..       3%          2    ##.....
c - Confuse               Hex            ####....     3%          3    ###....
d - Regeneration          Chrm/Necr      #.........   36%         3    ###....


Dungeon Overview and Level Annotations

Branches:
Dungeon (11/15)            Temple (1/1) D:5
   Lair: D:8-11         Orc: D:9-12

Altars:
Ashenzari
Cheibriados
Dithmenos
Elyvilon
Fedhas
Gozag
Hepliaklqana
Kikubaaqudgha
Makhleb
Nemelex Xobeh
Okawaru
Qazlal
Ru
Sif Muna
Trog
Uskayaw
Vehumet
Xom
Yredelemnul
Zin
The Shining One

Shops:
D:8 :   D:10 :


Innate Abilities, Weirdness & Mutations

You heal slowly.
You have razor-sharp teeth.
You have supernaturally acute eyesight. (SInv)
You can survive without breathing.


Message History

The six-headed hydra bites you! The six-headed hydra barely misses you.
The six-headed hydra bites you.
* * * LOW HITPOINT WARNING * * *
Yummy - fresh blood!
You are feeling very thirsty.
The six-headed hydra bites you but does no damage.
The six-headed hydra completely misses you.
The six-headed hydra bites you.
* * * LOW HITPOINT WARNING * * *
The six-headed hydra bites you but does no damage.
The six-headed hydra misses you. The six-headed hydra bites you!
* * * LOW HITPOINT WARNING * * *
The six-headed hydra closely misses you.
The six-headed hydra bites you.
* * * LOW HITPOINT WARNING * * *
The six-headed hydra bites you.
* * * LOW HITPOINT WARNING * * *
The six-headed hydra completely misses you. x2
The six-headed hydra bites you!
You die...

#########################
#..
.........................
#.#
#...........@..†.........
#.#
#...##.....D#####........
#.# #...##......#
#........ #.#
#...##......# #........
#.# #...##......#
#........
#.###...........#
#........
#...............#
#........
#.###.......##..#
#........ #.#
#.......##..#####.


You could see a six-headed hydra.

Vanquished Creatures
  2 two-headed ogres
  Pikel (D:6)
  Joseph (D:9)
  A troll (D:9)
  A hornet (D:7)
  A hippogriff (D:5)
  Sigmund (D:2)
  A spriggan (D:7)
  A basilisk (D:11)
  Duvessa (D:6)
  An orc warrior (D:9)
  A phantom (D:10)
  6 ice beasts
  2 slaves (D:6)
  4 sky beasts
  4 ogres
  2 black bears
  4 centaurs
  4 bullfrogs
  5 killer bees (D:9)
  3 howler monkeys (D:7)
  6 crimson imps
  A centaur zombie (D:9)
  2 jellies
  3 bullfrog zombies
  2 hounds
  7 orc priests
  6 orc wizards
  2 bullfrog skeletons
  2 iguanas
  Terence (D:3)
  5 worker ants
  A hound skeleton (D:6)
  2 worker ant zombies
  9 adders
  3 shadow imps
  An adder zombie (D:6)
  An adder skeleton (D:7)
  3 worms
  4 dart slugs (D:2)
  6 leopard geckos
  26 orcs
  2 ball pythons
  3 giant cockroaches
  7 goblins
  8 hobgoblins
  14 jackals
  4 quokkas
  8 bats
  5 frilled lizards
  10 kobolds
  2 quokka skeletons
  3 rats
206 creatures vanquished.

Vanquished Creatures (others)
  Dowan (D:6)
  A centaur skeleton (D:6)
2 creatures vanquished.

Grand Total: 208 creatures vanquished

Notes
Turn   | Place    | Note
-------+----------+-------------------------------------------
     0 | D:1      | dohliylev the Vampire Enchanter began the quest for the Orb.
     0 | D:1      | Reached XP level 1. HP: 13/13 MP: 3/3
   130 | D:1      | Reached skill level 5 in Stealth
   204 | D:1      | Reached XP level 2. HP: 12/20 MP: 5/5
   210 | D:1      | Learned a level 2 spell: Ensorcelled Hibernation
   851 | D:2      | Noticed Sigmund
  1164 | D:2      | Reached skill level 6 in Stealth
  1202 | D:2      | Reached XP level 3. HP: 19/25 MP: 2/6
  1509 | D:2      | Reached skill level 1 in Ice Magic
  1668 | D:2      | Killed Sigmund
  1668 | D:2      | Reached skill level 9 in Stealth
  1668 | D:2      | Reached XP level 4. HP: 31/31 MP: 4/7
  1668 | D:2      | Reached XP level 5. HP: 36/36 MP: 4/8
  2442 | D:3      | Reached skill level 10 in Stealth
  2459 | D:3      | Reached XP level 6. HP: 42/42 MP: 6/9
  2548 | D:3      | Noticed Terence
  2582 | D:3      | Killed Terence
  2924 | D:4      | Reached skill level 5 in Hexes
  3061 | D:4      | Reached XP level 7. HP: 10/47 MP: 0/11
  3146 | D:4      | Learned a level 3 spell: Confuse
  3499 | D:5      | Entered Level 5 of the Dungeon
  3889 | D:5      | Noticed a hippogriff
  3898 | D:5      | Killed a hippogriff
  3898 | D:5      | Reached skill level 5 in Dodging
  3949 | D:5      | Found a staircase to the Ecumenical Temple.
  4026 | D:5      | Reached XP level 8. HP: 53/53 MP: 12/12
  4256 | D:6      | Got a polished falchion
  4257 | D:6      | Identified the +9 falchion of the Spider Nest {venom, Str+2 Dex+4} (You found it on level 6 of the Dungeon)
  4387 | D:6      | Noticed Pikel
  4754 | D:6      | Killed Pikel
  4983 | D:6      | Noticed Duvessa
  5032 | Temple   | Entered the Ecumenical Temple
  5137 | Temple   | Became a worshipper of Makhleb the Destroyer
  5194 | D:6      | Killed Dowan
  5251 | D:6      | Killed Duvessa
  5251 | D:6      | Reached XP level 9. HP: 29/58 MP: 0/13
  5614 | D:7      | Reached skill level 10 in Dodging
  5672 | D:7      | Found a sparkling altar of Nemelex Xobeh.
  5769 | D:7      | Reached skill level 1 in Fighting
  6032 | D:7      | Found a shattered altar of Ashenzari.
  6479 | D:8      | Found Eraety's Book Boutique.
  6528 | D:8      | Found an iron altar of Okawaru.
  6531 | D:8      | Noticed a two-headed ogre
  6538 | D:8      | Killed a two-headed ogre
  7011 | D:9      | Noticed Joseph
  7020 | D:9      | Killed Joseph
  7050 | D:9      | Noticed a troll
  7055 | D:9      | Killed a troll
  7055 | D:9      | Reached XP level 10. HP: 70/70 MP: 14/14
  7095 | D:9      | Reached * piety under Makhleb
  7321 | D:9      | Noticed a two-headed ogre
  7327 | D:9      | Killed a two-headed ogre
  7327 | D:9      | Reached skill level 5 in Fighting
  7666 | D:9      | Reached skill level 11 in Stealth
  7934 | D:10     | Entered Level 10 of the Dungeon
  7939 | D:10     | Found Luufy's Book Boutique.
  7980 | D:10     | Reached skill level 12 in Stealth
  8012 | D:10     | Bought a book of Necromancy for 360 gold pieces
  8016 | D:10     | Learned a level 3 spell: Regeneration
  8065 | D:10     | Reached skill level 1 in Invocations
  8486 | D:10     | Reached ** piety under Makhleb
  9280 | D:11     | Noticed a six-headed hydra
  9382 | D:11     | Slain by a six-headed hydra

Skill      XL: |  1  2  3  4  5  6  7  8  9 10 |
---------------+-------------------------------+-----
Stealth        | 5 6 9 10 12 | 12.1
Ice Magic      | 1 2 3 |  3.0
Hexes          | 5 6 |  6.2
Spellcasting   | 3 |  3.1
Dodging        | 5 9 10 | 10.1
Fighting       | 3 5 |  5.1
Short Blades   | 7 8 |  8.1
Invocations    | 4 |  4.3
Long Blades    | |  0.4
Charms         | |  0.4
Necromancy     | |  0.2

Action                   |  1- 3 |  4- 6 |  7- 9 | 10-12 || total
-------------------------+-------+-------+-------+-------++-------
Melee: Dagger            |    91 |    97 |   136 |    88 ||   412
       Bite              |    10 |     3 |     7 |     7 ||    27
       Falchion          |       |       |     4 |    15 ||    19
 Cast: Corona            |    12 |     7 |     9 |     4 ||    32
       Ensorcelled Hiber |    19 |    34 |    62 |    56 ||   171
       Confuse           |       |       |     9 |    17 ||    26
       Regeneration      |       |       |       |     1 ||     1
 Abil: End Transformatio |       |       |     2 |       ||     2
       Bat Form          |       |       |     2 |       ||     2
  Use: Potion            |       |     3 |     9 |     1 ||    13
       Scroll            |       |     5 |     4 |       ||     9
 Stab: Sleeping          |    19 |    40 |    60 |    44 ||   163
       Confused          |       |       |     4 |     5 ||     9
  Eat: Corpse            |     6 |     2 |       |       ||     8
Armor: Robe              |    29 |    20 |     8 |    13 ||    70
Dodge: Dodged            |    85 |    54 |    90 |    77 ||   306
Block: Other             |       |       |     1 |     6 ||     7
       Reflection        |       |       |       |     1 ||     1
       Rpst.: Falchion   |       |       |       |     3 ||     3
